 Dungeon Crawl Stone Soup version 0.24.0-41-g2ae2f7f1be (webtiles) character file.

Game seed: 2000576093373278250, levelgen mode: deterministic

77 Belius the Skirmisher (level 4, 0/38 HPs)
             Began as a Formicid Abyssal Knight on Dec 6, 2019.
             Was a Follower of Lugonu.
             Slain by a gnoll
             ... wielding a +0 halberd
              (12 damage)
             ... on level 3 of the Dungeon on Dec 11, 2019.
             The game lasted 00:04:42 (1238 turns).

Belius the Skirmisher (Formicid Abyssal Knight)     Turns: 1238, Time: 00:04:42

Health: 0/38       AC:  6    Str: 17    XL:     4   Next: 60%
Magic:  5/5        EV:  9    Int: 12    God:    Lugonu [*.....]
Gold:   154        SH:  0    Dex: 10    Spells: 3/3 levels left

rFire    . . .     SeeInvis +   a - +1 falchion
rCold    . . .     Gourm    .   (no shield)
rNeg     . . .     Faith    .   l - +0 scale mail
rPois    .         Spirit   .   (helmet unavailable)
rElec    .         Reflect  .   (no cloak)
rCorr    .         Harm     .   (no gloves)
MR       .....                  (no boots)
Stlth    ..........             (no amulet)
HPRegen  0.12/turn              (no ring)
MPRegen  0.09/turn              (no ring)

@: no status effects
A: permanent stasis, dig shafts and tunnels, four strong arms, antennae 3
a: Dig, Shaft Self, Depart the Abyss, Renounce Religion


You were on level 3 of the Dungeon.
You worshipped Lugonu.
Lugonu was aware of your devotion.
You were very hungry.

You visited 1 branch of the dungeon, and saw 3 of its levels.
You visited the Abyss 1 time.

You collected 154 gold pieces.

Inventory:

Hand Weapons
 a - a +1 falchion (weapon)
Armour
 b - a +0 leather armour
 k - a +0 ring mail
 l - a +0 scale mail (worn)
Jewellery
 e - a +2 ring of strength {unknown}
 j - an uncursed ring of protection from fire {unknown}
Scrolls
 d - a scroll of blinking
 f - a scroll of magic mapping
 g - a scroll of amnesia {unknown}
 i - a scroll of fear {unknown}
Potions
 h - a potion of invisibility
Comestibles
 c - 4 rations


   Skills:
 + Level 4.5 Fighting
 + Level 2.8 Long Blades
 + Level 2.7 Armour
 + Level 1.0 Dodging
 + Level 2.4 Invocations


You had 3 spell levels left.
You didn't know any spells.
Your spell library was empty.

Dungeon Overview and Level Annotations

Branches:
Dungeon (2/15)

Altars:
Ru


Innate Abilities, Weirdness & Mutations

You cannot be hasted, slowed, berserked, paralysed or teleported.
You can dig through walls and to a lower floor.
Your four strong arms can wield two-handed weapons with a shield.
You have a pair of large antennae on your head. (SInv)


Message History

You slash the gnoll!
The gnoll is severely wounded.
The gnoll hits you with a +0 halberd!
* * * LOW HITPOINT WARNING * * *
You hit the gnoll.
The gnoll is almost dead.
The gnoll closely misses you.
You hit the gnoll but do no damage.
The gnoll is almost dead.
The gnoll barely misses you.
You hit the gnoll but do no damage.
The gnoll is almost dead.
The gnoll closely misses you.
You hit the gnoll but do no damage.
The gnoll is almost dead.
The gnoll barely misses you.
You closely miss the gnoll.
The gnoll is almost dead.
The gnoll hits you with a +0 halberd!
You die...

##.########.###..#.####
#.#...{..........).....
##.########........####
#.# #.##...### #.#
#.#.....# #.#
#######.##### #{#
#........... #.# ###
#.####.####. #.###@#
#.#.......#. #.##g##
#.#.##.##.#. #.###.#
###.#.#...#.#. #....##
#......._..... ####.#
##.#.#.#...#.#.
#####'.#.#.##.##.#.
♣♣♣♣♣♣♣♣♣.#'#.#.......#)
♣........♣###.####.####.
♣.♣♣♣♣♣♣.♣ #...........


You could see a gnoll.

Vanquished Creatures
  A gnoll (D:3)
  2 oozes
  A worm (D:2)
  A dart slug (D:1)
  A leopard gecko (D:1)
  4 orcs (D:3)
  2 giant cockroaches
  10 goblins
  4 hobgoblins
  A quokka (D:2)
  2 ball pythons (D:2)
  3 bats
  2 frilled lizards
  6 kobolds
  6 rats
46 creatures vanquished.

Notes
Turn   | Place    | Note
-------+----------+-------------------------------------------
     0 | Abyss:1  | Belius the Formicid Abyssal Knight began the quest for the
                  | Orb.
     0 | Abyss:1  | Reached XP level 1. HP: 18/18 MP: 2/2
    56 | Abyss:1  | Noticed a wretched star
    58 | D:1      | Escaped the Abyss
   152 | D:1      | Reached XP level 2. HP: 25/25 MP: 3/3
   154 | D:1      | Reached * piety under Lugonu
   332 | D:1      | Reached skill level 4 in Fighting
   439 | D:2      | Reached XP level 3. HP: 28/30 MP: 4/4
   810 | D:2      | Reached XP level 4. HP: 33/38 MP: 5/5
   818 | D:2      | You fall into a shaft and drop 1 floor!
   823 | D:3      | Found a sacrificial altar of Ru.
  1029 | D:3      | Upgraded the game from 0.24.0-37-gcf1ca852f1 to
                  | 0.24.0-41-g2ae2f7f1be
  1230 | D:3      | Reached skill level 1 in Dodging
  1238 | D:3      | Slain by a gnoll

Levels and vault maps discovered:
D:1:      dpeg_arrival_simpleton_c, layout_rooms, corexii_leaking_fountain
D:2:      layout_loops_ring, first_ration, chequers_ecumenical_altar_lobes
D:3:      layout_loops_corners, nicolae_overflow_hidden_temple,
          lemuel_round_altar, kennysheep_pointless_box, corexii_shack,
          nicolae_ru_sacrificial_ziggurat

Skill      XL: |  1  2  3  4 |
---------------+-------------+-----
Fighting       | 4 |  4.5
Dodging        | 1 |  1.0
Long Blades    | |  2.8
Armour         | |  2.7
Invocations    | |  2.4

Action                   |  1- 3 |  4- 6 || total
-------------------------+-------+-------++-------
Melee: Falchion          |    72 |    30 ||   102
Invok: Depart the Abyss  |     1 |       ||     1
 Abil: Dig               |       |     1 ||     1
  Use: Scroll            |     2 |     1 ||     3
Armor: Leather armour    |     7 |       ||     7
       Ring mail         |     5 |       ||     5
       Scale mail        |     3 |    16 ||    19
Dodge: Dodged            |    48 |    19 ||    67
       Rpst.: Falchion   |    16 |     8 ||    24
